 Dungeon Crawl Stone Soup version 0.32-a0-132-g2d33c3cfaf (webtiles) character file.

Game seed: 11189562026070825928

5169 Bobbunny the Zephyrmancer (level 10, -4/81 HPs)
             Began as a Demigod Conjurer on Feb 10, 2024.
             Slain by a troll (8 damage)
             ... on level 9 of the Dungeon.
             The game lasted 00:13:34 (9377 turns).

Bobbunny the Zephyrmancer (Demigod Conjurer)        Turns: 9377, Time: 00:13:35

Health: -4/81      AC:  5    Str: 12    XL:     10   Next: 12%
Magic:  20/34      EV: 13    Int: 34    God:
Gold:   395        SH:  0    Dex: 18    Spells: 14/24 levels left

rFire   . . .        K - +2 dagger (venom)
rCold   + . .        (no shield)
rNeg    . . .        M - +0 troll leather armour {Pargi}
rPois   +            (no helmet)
rElec   .            (no cloak)
rCorr   .            G - +0 pair of gloves
SInv    .            N - +0 pair of boots
Will    +....        (no amulet)
Stlth   ++           C - +6 ring of intelligence
HPRegen 1.13/turn    o - ring "Empecoad" {*Corrode rPois rC+ MP+9 Dex+6}
MPRegen 0.24/turn

%: corrode self (3%)
@: no status effects
A: high MP 1, forlorn, divine attributes
a: no special abilities


You were on level 9 of the Dungeon.
You visited 1 branch of the dungeon, and saw 9 of its levels.
You also visited: Sewer.

You collected 577 gold pieces.
You spent 182 gold pieces at shops.

Inventory:

Hand Weapons
 i - a +0 short sword
 K - a +2 dagger of venom (weapon)
 O - the +0 dagger "Vuirag" {drain, *Slow Fly rC+}
   (You found it on level 7 of the Dungeon)

   rC+:       It protects you from cold.
   Fly:       It grants you flight.
   *Slow:     It may slow you when you take damage.
 Q - the +3 sling of Understanding {flame, rN+ rCorr Str-2 SInv}
   (You found it on level 8 of the Dungeon)

   Str-2:     It affects your strength (-2).
   rN+:       It protects you from negative energy.
   SInv:      It lets you see invisible.
   rCorr:     It protects you from acid and corrosion.
Missiles
 c - 9 javelins
 d - 21 poisoned darts
 x - 10 boomerangs
 H - 2 silver javelins
 T - 3 curare-tipped darts
Armour
 G - a +0 pair of gloves (worn)
 L - the +0 plate armour of Disappointment {Regen+ MP+9 Str-2 Int+6}
   (You found it on level 6 of the Dungeon)

   Str-2:     It affects your strength (-2).
   Int+6:     It affects your intelligence (+6).
   MP+9:      It affects your magic capacity (+9).
   Regen+:    It increases your rate of health regeneration.
 M - a +0 troll leather armour (worn) {Pargi}
 N - a +0 pair of boots (worn)
Jewellery
 m - a +6 ring of strength
 o - the ring "Empecoad" (right hand) {*Corrode rPois rC+ MP+9 Dex+6}
   (You found it on level 2 of the Dungeon)

   [ring of protection from cold]

   Dex+6:     It affects your dexterity (+6).
   rC+:       It protects you from cold.
   rPois:     It protects you from poison MP+9: It affects your magic capacity
   (+9).
   *Corrode:  It may corrode you when you take damage.
 q - a ring of flight
 C - a +6 ring of intelligence (left hand)
 I - a ring of willpower
Wands
 g - a wand of charming (9)
 s - a wand of polymorph (10)
 t - a wand of flame (17)
Scrolls
 a - a scroll of poison {unknown}
 e - 3 scrolls of enchant armour
 h - a scroll of blinking
 j - a scroll of silence {unknown}
 p - 3 scrolls of teleportation
 v - 2 scrolls of vulnerability
 y - a scroll of noise {unknown}
 B - 2 scrolls of revelation
 D - 2 scrolls of brand weapon {unknown}
 E - 2 scrolls of enchant weapon {unknown}
 F - 2 scrolls of fog
 R - a scroll of amnesia {unknown}
Potions
 b - a potion of magic
 k - 5 potions of curing
 l - 4 potions of cancellation
 n - a potion of might {unknown}
 r - 3 potions of brilliance
 u - 4 potions of enlightenment
 w - 4 potions of mutation
 z - 2 potions of attraction {unknown}
 A - a potion of ambrosia
 J - a potion of degeneration {unknown}
 P - a potion of lignification {unknown}
 S - a potion of berserk rage {unknown}


   Skills:
 - Level 5.0 Fighting
 + Level 3.6 Armour
 + Level 4.3 Dodging
 - Level 2.0 Stealth
 + Level 7.5 Spellcasting
 - Level 5.0 Conjurations
 + Level 8.0 Air Magic


You had 14 spell levels left.
You knew the following spells:

 Your Spells              Type           Power      Damage    Failure   Level
a - Magic Dart            Conj           100%       1d8       1%          1
b - Swiftness             Air            61%        N/A       1%          3
c - Searing Ray           Conj           92%        2d7       1%          2
d - Airstrike             Air            30%        2d(5-21)  1%          4

Your spell library contained the following spells:

 Spells                   Type           Power      Damage    Failure   Level
 Foxfire                  Conj/Fire      100%       2x1d9     1%          1
 Shock                    Conj/Air       100%       1d9       1%          1
 Ensorcelled Hibernation  Hex/Ice        24%        N/A       7%          2
 Passwall                 Erth           12%        N/A       13%         3
 Fulminant Prism          Conj/Alch      14%        3d8       16%         4
 Iskenderun's Mystic Bla  Conj/Tloc      29%        2d7       16%         4
 Plasma Beam              Fire/Air       20%        2x1d32    78%         6
 Starburst                Conj/Fire      14%        6d6       94%         6


Dungeon Overview and Level Annotations

Branches:
Dungeon (9/15)             Temple (0/1) D:4            Lair (0/5) D:9
  Sewer (visited)
    Orc: D:9-12

Shops:
D:4 *

Annotations:
D:9 2 runed translucent doors


Innate Abilities, Weirdness & Mutations

You have an increased reservoir of magic. (+10% MP)
You shall have no god before yourself.
Your divine heritage dramatically boosts your attributes as you level up.


Message History

* * * LOW HITPOINT WARNING * * *
The troll claws you!
* * * LOW HITPOINT WARNING * * *
The troll claws you.
* * * LOW HITPOINT WARNING * * *
As you read the scroll labelled MEUR IFEIMPAN, it dissolves into smoke.
It was a scroll of fog.
You are no longer corroded.
The troll closely misses you. x2; The troll barely misses you.
Blink to where?
Press: ? - help, Dir - move target, p - troll
As you read the scroll labelled JOATOUSUMP, it crumbles to dust.
It was a scroll of blinking.
You feel much better.
Casting: Searing Ray (safe; 1% risk of failure)
Confirm with . or Enter, or press ? or * to list all spells.
Aiming: Searing Ray (safe; 1% risk of failure)
Press: ? - help, Shift-Dir - straight line, f - troll
Aim: a troll (black smoke, heavily wounded, 82% to hit)
The searing ray hits the troll.
The troll is severely wounded. (Press . to maintain the ray.)
The troll bites you. The troll claws you!
* * * LOW HITPOINT WARNING * * *
The troll claws you!
* * * LOW HITPOINT WARNING * * *
The searing ray hits the troll!
The troll is severely wounded.
The troll bites you!
* * * LOW HITPOINT WARNING * * *
The troll closely misses you. The troll misses you.
Casting: Searing Ray (safe; 1% risk of failure)
Confirm with . or Enter, or press ? or * to list all spells.
Aiming: Airstrike (dangerous; 1% risk of failure)
Press: ? - help, Dir - move target, f/p - troll
Aim: a troll (black smoke, severely wounded, empty space bonus: 1/8)
The air twists around and strikes the troll!
The troll is almost dead.
The troll bites you!
You die...

#.# #.......'...........
#.# #.......##...P......
#.# #.......#.....P.....
#.# #.##......P.........
#.# #.##........P.....>.
#.# #.##.....FP.........
#.# #.##...........P....
#.###§#######...........
#....§§@T§§§.....PP...P.
######§########..P.......
#....#.########.#........
##............#.......P..
##.###........##.........
#....'.....[..###....P...
######........#....#.....
#...####.#.######...
#...# #.#.# #†..


You could see a troll.

Vanquished Creatures
  A komodo dragon (D:9)
  2 hornets
  Grinder (D:3)
  4 yaks (D:9)
  5 water moccasins
  Duvessa (D:5)
  Pargi (Sewer)
  2 ice beasts
  3 orc warriors
  2 sky beasts (D:7)
  3 ogres
  6 bullfrogs
  A gnoll sergeant (D:8)
  6 scorpions
  Dowan (D:5)
  7 killer bees
  An electric eel (D:7)
  4 howler monkeys
  A bombardier beetle (D:5)
  A jelly (D:7)
  5 orc priests
  A hound (D:4)
  Ijyb (D:2)
  Natasha (thrice) (D:4)
  2 iguanas
  6 orc wizards
  A sleepcap (D:7)
  Robin (D:3)
  8 adders
  8 gnolls
  A ribbon worm (D:2)
  A dart slug (D:2)
  20 orcs
  7 endoplasms
  3 giant cockroaches (D:6)
  4 goblins
  6 hobgoblins
  6 jackals (Sewer)
  5 quokkas
  5 ball pythons
  A bat (D:2)
  3 frilled lizards
  4 kobolds
  3 rats
158 creatures vanquished.

Notes
Turn   | Place    | Note
-------+----------+-------------------------------------------
     0 | D:1      | Bobbunny the Demigod Conjurer began the quest for the Orb.
     0 | D:1      | Reached XP level 1. HP: 14/14 MP: 5/5
   893 | D:2      | Reached XP level 2. HP: 20/20 MP: 4/7
  1077 | D:2      | Identified the ring "Empecoad" {*Corrode rPois rC+ MP+9
                  | Dex+6}
  1488 | D:2      | Reached XP level 3. HP: 26/26 MP: 9/9
  1843 | D:3      | Learned a level 3 spell: Swiftness
  1889 | D:3      | Noticed Ijyb
  1889 | D:3      | Noticed Robin
  2075 | D:2      | Killed Ijyb
  2076 | D:2      | Reached XP level 4. HP: 34/34 MP: 11/11
  2132 | D:2      | Learned a level 2 spell: Searing Ray
  2193 | D:3      | Killed Robin
  2401 | D:3      | Reached skill level 1 in Air Magic
  2502 | D:3      | Reached skill level 1 in Fighting
  2558 | D:3      | Noticed Grinder
  2574 | D:3      | Killed Grinder
  2575 | D:3      | Reached skill level 2 in Air Magic
  2575 | D:3      | Reached XP level 5. HP: 33/41 MP: 3/13
  2916 | D:4      | Noticed an ogre
  2930 | D:4      | Killed an ogre
  2931 | D:4      | Reached skill level 5 in Conjurations
  2931 | D:4      | Reached XP level 6. HP: 48/48 MP: 14/14
  3139 | D:4      | Found Gineix's General Store.
  3142 | D:4      | Bought a potion of ambrosia for 104 gold pieces
  3142 | D:4      | Bought a scroll of identify for 26 gold pieces
  3142 | D:4      | Bought a scroll of vulnerability for 52 gold pieces
  3227 | D:4      | Learned a level 4 spell: Airstrike
  3391 | D:4      | Noticed Natasha
  3395 | D:4      | Killed Natasha
  3425 | D:4      | Found a staircase to the Ecumenical Temple.
  3481 | D:4      | Noticed Natasha
  3486 | D:4      | Killed Natasha
  3638 | D:4      | Noticed Natasha
  3664 | D:4      | Killed Natasha
  3743 | D:5      | Entered Level 5 of the Dungeon
  3814 | D:5      | Reached skill level 3 in Air Magic
  3911 | D:5      | Reached XP level 7. HP: 44/57 MP: 16/16
  4504 | D:5      | Reached skill level 4 in Air Magic
  4772 | D:5      | Reached skill level 5 in Spellcasting
  4820 | D:5      | Reached skill level 5 in Air Magic
  5375 | D:6      | Noticed Duvessa
  5375 | D:6      | Noticed Dowan
  5397 | D:5      | Killed Duvessa
  5398 | D:5      | Reached XP level 8. HP: 25/63 MP: 15/19
  5399 | D:5      | Killed Dowan
  5545 | D:6      | Identified the +0 plate armour of Disappointment {Regen+
                  | MP+9 Str-2 Int+6}
  5606 | D:6      | Reached skill level 1 in Armour
  5662 | D:6      | Found a glowing drain.
  5743 | Sewer    | Entered a sewer
  5888 | Sewer    | Noticed Pargi
  5893 | Sewer    | Killed Pargi
  6389 | D:7      | Noticed a hornet
  6399 | D:7      | Killed a hornet
  6547 | D:7      | Identified the +0 dagger "Vuirag" {drain, *Slow Fly rC+}
  6580 | D:7      | Reached skill level 6 in Air Magic
  6699 | D:7      | Reached XP level 9. HP: 70/72 MP: 21/21
  7055 | D:7      | Reached skill level 5 in Fighting
  7558 | D:7      | Reached skill level 7 in Air Magic
  7814 | D:8      | Identified the +3 sling of Understanding {flame, rN+ rCorr
                  | Str-2 SInv}
  8512 | D:9      | Noticed a fire dragon
  8512 | D:9      | Found the +2 shield of Resistance {rF++ rC++ Will++}
  8512 | D:9      | Noticed an ice dragon
  8512 | D:9      | Noticed a fire dragon
  8513 | D:9      | Found a runed translucent door.
  8513 | D:9      | Noticed an ice dragon
  8528 | D:9      | Found a runed translucent door.
  9093 | D:9      | Noticed a komodo dragon
  9096 | D:9      | Reached XP level 10. HP: 74/81 MP: 25/25
  9112 | D:9      | Reached skill level 8 in Air Magic
  9221 | D:9      | Found a staircase to the Lair.
  9370 | D:9      | HP: 3/81 [troll (3)]
  9376 | D:9      | HP: 3/81 [troll (15)]
  9377 | D:9      | Slain by a troll

Illustrated notes

Levels and vault maps discovered:
D:1:      dpeg_arrival_lava_temple_mockup, layout_loops_ring
D:2:      layout_loops_cross, basic_altar
D:3:      layout_basic, nicolae_goblin_pals, uniq_grinder
D:4:      layout_loops_ring, minmay_temple_entry_statues, serial_shops,
          nicolae_shop_real_fake_doors, uniq_natasha
D:5:      layout_basic, general_overflow_altar, water_maze_lemuel
D:6:      layout_gridville, chequers_temple_overflow_statue_of_worship,
          gup_sewer_entry_glass, uniq_duvessa
D:7:      layout_loops_ring, mainiacjoe_overflow_big_doors, enter_bailey_6,
          kennysheep_dice
D:8:      layout_cave_pools, nicolae_hepliaklqana_ecumenical_no_more,
          nicolae_overflow_crystal_walls, okawaru_ov_weapons_minmay
D:9:      minmay_bloctagon, layout_basic, due_lair_maze_entry_diamond,
          minmay_guarded_unrand_resistance, uniq_jeremiah

Skill      XL: |  1  2  3  4  5  6  7  8  9 10 |
---------------+-------------------------------+-----
Spellcasting   | 2 3 4 5 6 7 |  7.5
Conjurations   | 4 5 |  5.0
Air Magic      | 2 3 5 6 7 8 |  8.0
Fighting       | 2 3 4 5 |  5.0
Dodging        | 2 3 4 |  4.3
Armour         | 2 3 |  3.6
Stealth        | 2 |  2.0

Action                     |  1- 3 |  4- 6 |  7- 9 | 10-12 || total
---------------------------+-------+-------+-------+-------++-------
  Melee: Short sword       |    15 |     2 |     1 |       ||    18
         Dagger            |       |       |    15 |     1 ||    16
         Punch             |       |       |     2 |       ||     2
  Throw: Dart              |       |     2 |       |       ||     2
   Cast: Magic Dart        |    82 |    99 |   214 |     5 ||   400
         Searing Ray       |       |     5 |    39 |     6 ||    50
         Airstrike         |       |       |    18 |     5 ||    23
    Use: Scroll            |       |     6 |     3 |     2 ||    11
         Potion            |       |       |       |     2 ||     2
 Armour: Robe              |     6 |       |       |       ||     6
         Skin              |    19 |       |       |       ||    19
         Leather armour    |     8 |    12 |    22 |       ||    42
         Troll leather arm |       |       |    98 |    22 ||   120
  Dodge: Dodged            |    24 |    14 |    89 |    19 ||   146

Table legend: (Time is in decaauts)
 A = Elapsed time spent in this place.
 B = Non-inter-level travel time spent in this place.
 C = Inter-level travel time spent in this place.
 D = Time resting spent in this place.
 E = Time spent auto-exploring this place.
 F = Levels seen in this place.
 G = Mean time per level.
                   A        B        C        D        E       F      G
               +--------+--------+--------+--------+--------+-----+--------+
         Total |   9386 |   9164 |    222 |    848 |   6988 |  10 |  938.6 |
       Dungeon |   9125 |   8903 |    222 |    848 |   6798 |   9 | 1013.9 |
         Sewer |    261 |    261 |      0 |      0 |    190 |   1 |  261.0 |
               +--------+--------+--------+--------+--------+-----+--------+

Top non-repeatable levels by time:
     D:5: 1710 daAuts
     D:7: 1353 daAuts
     D:2: 1054 daAuts
     D:1: 982 daAuts
     D:9: 892 daAuts
     D:4: 867 daAuts
     D:3: 835 daAuts
     D:8: 751 daAuts
     D:6: 676 daAuts
   Sewer: 261 daAuts
